Map: Magannatha LE

Players

llllllllllll

  • Race: Zerg Zerg
  • League: Master
  • Spawn Location: 11:00

NORTHAMERICA - Winner!

  • Race: Protoss Protoss
  • League: Master
  • Spawn Location: 5:00

VOD

Have the link to the VOD?

Description

Time

  • Played on: July 21, 2025, 9:41 a.m.
  • Length: 11:21
Show
View Real Time Build Order
Export as new Build Order

llllllllllll Zerg 

Build Orders: Hatch First 

Get SALT Encoding   

  12  0:00  Drone  
  13  0:12  Overlord  
  13  0:17  Drone  
  14  0:30  Drone  
  14  0:31  Drone  
  16  0:46  Hatchery  
  16  0:49  Drone  
  16  0:53  Drone  
  16  0:56  Drone  
  18  1:07  Extractor  
  17  1:12  Spawning Pool  
  17  1:14  Drone  
  17  1:17  Drone  
  18  1:28  Drone  
  19  1:39  Drone  
  20  1:49  Overlord  
  20  1:58  Queen x2  
  20  2:00  Zergling x2  
  20  2:01  Zergling x2  
  26  2:11  Drone x2  
  28  2:23  Drone x2  
  30  2:33  Drone x2, Hatchery  
  31  2:39  Queen  
  31  2:43  Metabolic Boost  
  33  2:49  Overlord  
  33  2:56  Drone x2  
  33  2:58  Overlord  
  35  3:02  Drone  
  36  3:07  Queen  
  36  3:11  Zergling x4  
  40  3:13  Drone  
  40  3:15  Drone  
  42  3:22  Drone x2  
  42  3:26  Queen  
  46  3:28  Drone  
  47  3:36  Drone x2  
  49  3:46  Drone x3  
  49  3:48  Queen  
  54  3:49  Spore Crawler  
  54  3:51  Overlord  
  53  4:00  Overlord, Roach Warren  
  52  4:04  Drone x3  
  55  4:12  Lair  
  55  4:18  Overlord x2  
  55  4:19  Overlord  
  55  4:22  Drone x2  
  57  4:27  Drone x4  
  62  4:31  Evolution Chamber  
  62  4:35  Overlord x3  
  61  4:41  Drone x2  
  61  4:42  Drone, Spore Crawler  
  61  4:45  Extractor x2  
  62  4:50  Zergling x4  
  62  4:51  Zergling x6  
  63  5:01  Drone  
  63  5:02  Drone x8  
  72  5:11  Extractor  
  72  5:13  Spire  
  69  5:18  Drone x2  
  69  5:19  Drone x3  
  69  5:21  Overlord x2  
  72  5:28  Extractor  
  72  5:30  Extractor  
  72  5:31  Drone x3  
  72  5:32  Drone x3  
  76  5:42  Zergling x6  
  79  5:45  Drone x4  
  79  5:46  Drone x2  
  85  5:54  Drone  
  85  5:55  Overlord  
  85  5:56  Overlord x2  
  86  5:58  Overlord x2  
  85  6:10  Zergling x6  
  86  6:16  Overseer  
  86  6:18  Hatchery  
  82  6:29  Corruptor  
  82  6:30  Corruptor x4  
  92  6:35  Drone  
  92  6:36  Hydralisk Den  
  92  6:41  Hatchery  
  91  6:53  Zerg Ground Armor Level 1  
  91  6:55  Drone  
  91  6:56  Drone x11  
  109  7:15  Overlord x2  
  99  7:23  Grooved Spines  
  99  7:24  Hydralisk  
  99  7:25  Hydralisk x2  
  99  7:29  Queen  
  107  7:31  Hydralisk x2  
  107  7:32  Hydralisk x4  
  119  7:43  Hydralisk x2  
  119  7:44  Hydralisk x3  
  129  7:52  Extractor x2  
  129  7:53  Spore Crawler  
  129  7:54  Drone x3  
  129  7:55  Drone x3  
  129  7:56  Drone x3  
  134  7:59  Hydralisk x4  
  142  8:11  Hydralisk x4  
  150  8:13  Muscular Augments  
  150  8:14  Infestation Pit  
  149  8:24  Extractor, Hatchery  
  149  8:26  Hydralisk  
  147  8:27  Extractor, Hydralisk  
  147  8:28  Hydralisk x8  
  147  8:31  Overlord  
  147  8:32  Overlord x3  
  166  8:42  Overlord x2  
  166  8:43  Overlord x2  
  166  8:54  Drone  
  166  8:55  Drone x2  
  169  8:58  Hive, Hydralisk  
  169  8:59  Hydralisk x6  
  183  9:08  Hydralisk x3  
  183  9:09  Hydralisk x2  
  193  9:10  Zergling x2  
  193  9:11  Zergling x2  
  195  9:32  Zergling x8  
  183  9:53  Hydralisk x2  
  183  9:54  Hydralisk x9  
  191  10:10  Zergling x16  
  191  10:11  Zergling x20  
  171  10:30  Mutalisk x11  
  171  10:31  Mutalisk x3  
  197  10:40  Zergling x2  
  197  10:41  Zergling x14  
  199  11:05  Hatchery  
Show
View Real Time Build Order
Export as new Build Order

NORTHAMERICA Protoss - Winner!

Build Orders: 1 Gate Expand 

Get SALT Encoding   

  12  0:00  Probe  
  13  0:12  Probe  
  14  0:19  Pylon  
  14  0:24  Probe  
  15  0:35  Probe  
  15  0:38  Gateway  
  16  0:43  Probe  
  16  0:48  Assimilator  
  17  0:52  Probe  
  18  1:04  Probe  
  19  1:16  Probe  
  20  1:25  Nexus  
  20  1:34  Cybernetics Core  
  20  1:36  Probe  
  21  1:44  Probe  
  21  1:45  Assimilator  
  21  1:52  Probe  
  21  1:53  Pylon  
  22  2:01  Adept  
  23  2:11  Probe  
  26  2:21  Stargate  
  26  2:23  Probe  
  27  2:31  Stalker  
  27  2:33  Probe  
  27  2:35  Probe  
  30  2:40  Warp Gate  
  30  2:42  Probe  
  31  2:47  Probe  
  33  2:52  Probe  
  34  2:59  Probe  
  34  3:03  Void Ray  
  34  3:04  Probe  
  36  3:11  Probe  
  41  3:16  Probe  
  41  3:18  Pylon  
  42  3:23  Probe  
  43  3:28  Probe  
  43  3:29  Gateway  
  43  3:34  Assimilator  
  44  3:35  Probe  
  44  3:36  Assimilator  
  44  3:40  Probe  
  46  3:46  Fleet Beacon  
  46  3:49  Probe  
  46  3:50  Probe  
  48  3:58  Pylon, Probe  
  48  4:01  Probe  
  50  4:06  Probe  
  50  4:08  Stargate  
  50  4:13  Probe  
  52  4:18  Probe  
  53  4:25  Probe  
  53  4:29  Tempest  
  53  4:31  Probe, Nexus  
  55  4:35  Pylon  
  55  4:37  Probe  
  56  4:44  Probe  
  61  4:54  Pylon  
  61  4:57  Pylon  
  61  4:58  Tempest  
  59  5:02  Probe  
  59  5:03  Tempest  
  59  5:06  Probe  
  69  5:14  Probe  
  69  5:18  Probe  
  71  5:26  Probe  
  72  5:30  Probe, Shield Battery, Tempest  
  72  5:31  Pylon  
  73  5:37  Tempest  
  73  5:38  Probe  
  78  5:42  Probe  
  78  5:45  Probe  
  84  5:50  Probe  
  84  5:52  Shield Battery  
  84  5:55  Probe  
  86  5:57  Probe  
  86  6:02  Probe  
  88  6:07  Probe  
  88  6:09  Probe  
  89  6:14  Probe  
  89  6:15  Forge  
  89  6:16  Twilight Council  
  89  6:19  Probe  
  89  6:20  Assimilator  
  89  6:21  Probe  
  89  6:24  Assimilator  
  91  6:26  Probe  
  91  6:31  Probe  
  101  6:33  Void Ray x2, Probe  
  102  6:40  Probe  
  102  6:42  Pylon  
  102  6:46  Probe, Robotics Facility  
  104  6:50  Pylon  
  104  6:52  Unknown  
  104  6:57  Protoss Air Weapons Level 1  
  104  7:06  Void Ray  
  104  7:08  Nexus  
  104  7:09  Void Ray  
  104  7:10  Probe  
  104  7:12  Protoss Ground Weapons Level 1  
  113  7:17  Charge, Photon Cannon  
  113  7:19  Pylon  
  113  7:29  Photon Cannon  
  113  7:30  Photon Cannon  
  113  7:32  Shield Battery  
  113  7:35  Templar Archives  
  113  7:36  Zealot x2  
  117  7:40  Observer  
  117  7:43  Void Ray  
  118  7:45  Void Ray, Photon Cannon  
  118  7:50  Probe  
  127  7:56  Gateway x2  
  127  7:59  Gateway  
  127  8:01  Probe  
  127  8:02  Pylon  
  127  8:03  Probe, Psionic Storm  
  129  8:15  Gateway  
  129  8:17  Gateway  
  129  8:18  Observer  
  129  8:19  Gateway  
  130  8:22  High Templar x2  
  130  8:23  Probe  
  136  8:27  Probe  
  136  8:36  Photon Cannon  
  136  8:38  Photon Cannon  
  136  8:40  Photon Cannon  
  144  8:49  Probe  
  144  8:50  Gateway  
  144  8:51  Mothership  
  144  8:52  Assimilator  
  144  8:55  Assimilator, High Templar  
  147  8:59  Zealot x4, Photon Cannon  
  155  9:09  Pylon  
  154  9:10  Pylon  
  154  9:16  High Templar  
  156  9:22  Pylon  
  156  9:24  Pylon  
  156  9:26  Pylon  
  156  9:27  Photon Cannon  
  156  9:29  High Templar  
  162  9:32  High Templar  
  162  9:33  Void Ray  
  164  9:39  Zealot x4  
  172  9:54  Zealot x3  
  172  9:59  Void Ray  
  174  10:06  Void Ray  
  170  10:10  Zealot x3  
  170  10:11  Zealot x2  
  182  10:17  Zealot x3  
  186  10:27  Cybernetics Core  
  184  10:30  Gateway, Observer  
  184  10:32  Gateway, Photon Cannon  
  184  10:33  High Templar x3  
  184  10:34  Photon Cannon  
  187  10:47  Zealot x2  
  187  10:48  Zealot x3  
Tags
 
Add a new tag
Caveats
  • Supply blocks, unpowered buildings, or Contaminate may cause inaccurate times.
  • Supply counts are checked every 10 seconds.